 Dungeon Crawl Stone Soup version 0.31-a0-1447-g87ca8d402b (webtiles) character file.

Game seed: 6548581407826949632

165 Arcadio the Ducker (level 5, -2/61 HPs)
             Began as a Merfolk Shapeshifter on Dec 27, 2023.
             Slain by an iguana (6 damage)
             ... on level 4 of the Dungeon.
             The game lasted 00:04:04 (2809 turns).

Arcadio the Ducker (Merfolk Shapeshifter)           Turns: 2809, Time: 00:04:04

Health: -2/61      AC: 22    Str: 16    XL:     5   Next: 46%
Magic:  5/5        EV:  2    Int: 10    God:
Gold:   190        SH:  0    Dex: 13    Spells: 4/4 levels left

rFire   . .          .
                       - Unarmed
rCold   . . .        (no shield)
rNeg    . . .        t - melded +0 plate armour
rPois   +            (helmet currently unavailable)
rElec   .            (cloak currently unavailable)
rCorr   .            (gloves currently unavailable)
SInv    .            (boots currently unavailable)
Will    .....        p - amulet of magic regeneration
Stlth   +            k - ring of poison resistance
HPRegen 0.30/turn    (no ring)
MPRegen 0.49/turn

%: no passive effects
@: tree-form
A: stationary, stasis, torment immunity, boosted hp, (nimble swimmer 2),
(mertail)
a: no special abilities


You were on level 4 of the Dungeon.
You were a tree.
You visited 1 branch of the dungeon, and saw 4 of its levels.

You collected 190 gold pieces.

Inventory:

Armour
 a - a +1 animal skin
 t - a +0 plate armour (melded)
Jewellery
 k - a ring of poison resistance (left branch)
 p - an amulet of magic regeneration (around neck)
Talismans
 c - a beast talisman
 d - a flux talisman
Scrolls
 e - a scroll of enchant weapon
 g - a scroll of poison {unknown}
 i - a scroll of enchant armour
 j - a scroll of identify {unknown}
 m - a scroll of teleportation {unknown}
 o - a scroll of fear
 s - a scroll of blinking {unknown}
 v - a scroll of fog {unknown}
Potions
 b - a potion of lignification
 f - a potion of degeneration {unknown}
 h - 2 potions of attraction {unknown}
 l - a potion of heal wounds {unknown}
 n - a potion of enlightenment {unknown}
 q - a potion of mutation {unknown}
 r - a potion of might {unknown}
 u - a potion of curing {unknown}
 w - a potion of cancellation {unknown}


   Skills:
 + Level 3.4 Fighting
 + Level 4.6 Dodging
 + Level 4.5 Unarmed Combat
 - Level 4.0 Shapeshifting


You had 4 spell levels left.
You didn't know any spells.
Your spell library contained the following spells:

 Spells                   Type           Power      Damage    Failure   Level
 Sting                    Conj/Alch      0%         1d3       36%         1
 Mercury Vapours          Alch/Air       0%         N/A       50%         2
 Cause Fear               Hex            0%         N/A       98%         4
 Olgreb's Toxic Radiance  Alch           0%         N/A       98%         4
 Fireball                 Conj/Fire      0%         3d3       100%        5
 Dragon's Call            Summ           0%         N/A       100%        9


Dungeon Overview and Level Annotations

Branches:
Dungeon (4/15) Zot: 21206
 Temple: D:4-7

Altars:
Makhleb
Wu Jian
Xom


Innate Abilities, Weirdness & Mutations

You are a tree.
Your roots penetrate the ground, keeping you stationary.
You cannot be teleported.
You are immune to unholy pain and torment.
Your maximum health is greatly increased.
Your equipment is partially melded.
((You are very nimble when in or above water. (Stealth+, EV+, Speed+++)))
((Your lower body shifts to a powerful aquatic tail in water.))


Message History

The iguana is lightly wounded.
The iguana bites you!
You hit the iguana.
The iguana is moderately wounded.
You hit the iguana but do no damage.
The iguana is moderately wounded.
The iguana bites you but does no damage.
You hit the iguana but do no damage.
The iguana is moderately wounded.
The iguana bites you but does no damage.
You hit the iguana but do no damage.
The iguana is moderately wounded.
The iguana barely misses you.
You hit the iguana.
The iguana is heavily wounded.
The iguana barely misses you.
You hit the iguana but do no damage.
The iguana is heavily wounded.
The iguana bites you.
You hit the iguana.
The iguana is severely wounded.
The iguana bites you!
You barely miss the iguana.
The iguana is severely wounded.
The iguana barely misses you.
You hit the iguana but do no damage.
The iguana is severely wounded.
The iguana bites you.
You closely miss the iguana.
The iguana is severely wounded.
The iguana barely misses you.
You barely miss the iguana.
The iguana is severely wounded.
The iguana bites you!
* * * LOW HITPOINT WARNING * * *
Your transformation has ended.
You turn into a tree.
Your +0 plate armour melds into your body.
Your roots penetrate the ground.
The iguana bites you.
You die...

..# #.# ###
#.# #.# #.#
#.# #.# # #.#
#
##########.#
#
#...l♣.....#
#
#...#######.#
# #. #.# #
#.# # #.#
##### #.###
..... #..>#
##### #####


You could see an iguana.

Vanquished Creatures
  A hound (D:4)
  4 adders
  An adder zombie (D:2)
  A worm (D:2)
  2 dart slugs
  3 orcs (D:3)
  3 ball pythons
  4 bats
  A bat skeleton (D:2)
  7 endoplasms
  5 giant cockroaches
  11 goblins
  7 hobgoblins
  7 jackals
  9 kobolds
  2 quokkas (D:1)
  2 ball python skeletons (D:2)
  A ball python zombie (D:2)
  3 frilled lizards
  A giant cockroach zombie (D:2)
  A quokka skeleton (D:2)
  A quokka zombie (D:2)
  A rat (D:1)
78 creatures vanquished.

Notes
Turn   | Place    | Note
-------+----------+-------------------------------------------
     0 | D:1      | Arcadio the Merfolk Shapeshifter began the quest for the
                  | Orb.
     0 | D:1      | Reached XP level 1. HP: 15/15 MP: 1/1
    60 | D:1      | Reached XP level 2. HP: 4/21 MP: 2/2
   683 | D:1      | Reached XP level 3. HP: 27/27 MP: 3/3
  1187 | D:2      | Found a shimmering altar of Xom.
  1277 | D:2      | Reached XP level 4. HP: 34/34 MP: 4/4
  1936 | D:3      | Found an ornate altar of the Wu Jian Council.
  2324 | D:3      | Reached XP level 5. HP: 41/41 MP: 5/5
  2366 | D:3      | Found a faded altar of an unknown god.
  2425 | D:3      | Found a burning altar of Makhleb.
  2808 | D:4      | HP: 2/41 [iguana (10)]
  2809 | D:4      | Slain by an iguana

Illustrated notes

Levels and vault maps discovered:
D:1:      erik_arrival_blinker_ship, layout_basic, minmay_octomino_c4
D:2:      layout_loops_cross, serial_undead, serial_undead_e, serial_undead_b,
          serial_undead_e, serial_undead_f, serial_undead_a, serial_undead_d,
          serial_undead_e, basic_altar
D:3:      layout_loops_ring, mainiacjoe_overflow_paths,
          nicolae_wu_jian_wuxing_cycle, basic_ecumenical_altar
D:4:      layout_basic, nicolae_tso_carved_into_rock,
          minmay_temple_entry_large_hall, minmay_surrounded

Skill      XL: |  1  2  3  4 |
---------------+-------------+-----
Dodging        | 3 4 |  4.6
Fighting       | 2 3 |  3.4
Unarmed Combat | 4 |  4.5
Shapeshifting  | |  4.0

Action                     |  1- 3 |  4- 6 || total
---------------------------+-------+-------++-------
  Melee: Unarmed           |    90 |   116 ||   206
         Punch             |     5 |     5 ||    10
    Use: Scroll            |     1 |     2 ||     3
         Potion            |       |     1 ||     1
 Armour: Animal skin       |    50 |    20 ||    70
         Plate armour      |       |    49 ||    49
         Skin              |       |     1 ||     1
  Dodge: Dodged            |    65 |    45 ||   110

Table legend: (Time is in decaauts)
 A = Elapsed time spent in this place.
 B = Non-inter-level travel time spent in this place.
 C = Inter-level travel time spent in this place.
 D = Time resting spent in this place.
 E = Time spent auto-exploring this place.
 F = Levels seen in this place.
 G = Mean time per level.
                   A        B        C        D        E       F      G
               +--------+--------+--------+--------+--------+-----+--------+
         Total |   2792 |   2727 |     65 |      0 |   2183 |   4 |  698.0 |
       Dungeon |   2792 |   2727 |     65 |      0 |   2183 |   4 |  698.0 |
               +--------+--------+--------+--------+--------+-----+--------+

Top non-repeatable levels by time:
     D:1: 972 daAuts
     D:2: 899 daAuts
     D:3: 659 daAuts
     D:4: 261 daAuts
